 Dungeon Crawl Stone Soup version 0.20.1-1-g8b1a95d (webtiles) character file.

376 Monsterracer the Chopper (level 6, 0/48 HPs)
             Began as a Demonspawn Gladiator on Aug 9, 2017.
             Killed from afar by an orc wizard (11 damage)
             ... with a puff of flame
             ... on level 4 of the Dungeon.
             The game lasted 00:06:17 (3420 turns).

Monsterracer the Chopper (Demonspawn Gladiator)     Turns: 3420, Time: 00:06:18

Health: 0/48       AC:  6    Str: 17    XL:     6   Next: 44%
Magic:  6/6        EV: 17    Int:  9    God:
Gold:   122        SH:  0    Dex: 14    Spells: 5/5 levels left

rFire    . . .     SeeInvis .   a - +1 war axe
rCold    . . .     Gourm    .   (no shield)
rNeg     . . .     Faith    .   q - +0 ring mail
rPois    .         Spirit   .   c - +0 helmet
rElec    .         Reflect  .   (no cloak)
rCorr    .         Harm     .   (no gloves)
MR       .....                  (no boots)
Stlth    ++........             (no amulet)
Regen    0.2/turn               m - +4 ring of evasion
MPRegen  0.1/turn               (no ring)

@: no status effects
A: nightstalker 1, sturdy frame 2
a: no special abilities


You were on level 4 of the Dungeon.
You were near starving.

You visited 1 branch of the dungeon, and saw 4 of its levels.

You collected 122 gold pieces.

Inventory:

Hand Weapons
 a - a +1 war axe (weapon)
Missiles
 d - 4 throwing nets (quivered)
Armour
 c - a +0 helmet (worn)
 g - a +1 leather armour of cold resistance
 q - a +0 ring mail (worn)
Jewellery
 m - a +4 ring of evasion (left hand)
Wands
 r - a wand of paralysis (7/24)
Scrolls
 e - 4 scrolls of teleportation
 h - a scroll of magic mapping
 t - a scroll of fear
Potions
 b - a potion of haste
 k - 2 potions of might
 n - a potion of magic
 p - 2 potions of heal wounds
Comestibles
 f - 2 bread rations
 l - a royal jelly
 s - 5 fruits
 v - a meat ration


   Skills:
 * Level 3.9 Fighting
 * Level 4.7 Axes
 - Level 1.7 Throwing
 + Level 1.5 Armour
 + Level 3.9 Dodging


You had 5 spell levels left.
You didn't know any spells.

Dungeon Overview and Level Annotations

Branches:
Dungeon (4/15)
 Temple: D:4-7

Altars:


Innate Abilities, Weirdness & Mutations

You are slightly more attuned to the shadows.
Your movements are less encumbered by armour. (ER -4)


Message History

You closely miss something.
You hear some strange, mumbled words.
A puff of flame appears from out of thin air!
The puff of flame hits you!
* * * LOW HITPOINT WARNING * * *
Huge Dmg: -27%(-13hp) hp: 28%(13hp)
You miss something. Something hits you.
* * * LOW HITPOINT WARNING * * *
Damage: -5%(-2hp) hp: 23%(11hp)
You barely miss something. Something hits you.
* * * LOW HITPOINT WARNING * * *
Something barely misses you.
Damage: -2%(-1hp) hp: 21%(10hp)
You slash something! Something completely misses you.
You closely miss something. Something closely misses you.
You closely miss something.
You hear some strange, mumbled words.
A puff of flame appears from out of thin air!
The puff of flame hits you!
You die...

***##..$....,,,*
****,,........#**,*
*,,,,,........###.#**********
*,,,,,..o......,...,,,,,,,,,,
*,,,,,........#*#.#*******,**
*,,,,,.....o..# #.# *,*
*******#...o..# #.# *,*
*,,,...####)###.# *,*
*,,,,,,+..@)....## **+**
*,,,,,,########..# *,,,,
******** #..## *,,,, #...#
*,,,, #.#.## *,,,, #.#..#
*,,,, #.##.##******
#.....#*,,,,*
##################.##,,,,*


There were no monsters in sight!

Vanquished Creatures
  A phantom (D:4)
  The ghost of bli the Magician, an amateur DrWn of Hepliaklqana (D:3)
  A scorpion (D:4)
  An orc priest (D:4)
  5 adders
  5 worms
  3 dart slugs
  A leopard gecko (D:3)
  8 orcs
  6 bats
  4 giant cockroaches
  5 goblins
  4 hobgoblins
  8 kobolds
  2 quokkas (D:2)
  2 ball pythons
  7 frilled lizards
  A quokka skeleton (D:4)
  8 rats
73 creatures vanquished.

Notes
Turn   | Place    | Note
-------+----------+-------------------------------------------
     0 | D:1      | Monsterracer the Demonspawn Gladiator began the quest for the Orb.
     0 | D:1      | Reached XP level 1. HP: 16/16 MP: 1/1
   139 | D:1      | Gained mutation: You are slightly more attuned to the shadows. [demonic ancestry]
   139 | D:1      | Reached XP level 2. HP: 18/22 MP: 2/2
   229 | D:1      | Reached skill level 3 in Axes
   666 | D:2      | Reached XP level 3. HP: 16/28 MP: 3/3
   671 | D:2      | HP: 14/28 [poisoned by an adder]
   679 | D:2      | HP: 13/28 [poisoned by an adder]
  1296 | D:2      | Gained mutation: Your movements are slightly less encumbered by armour. (ER -2) [demonic ancestry]
  1296 | D:2      | Reached XP level 4. HP: 34/34 MP: 4/4
  2021 | D:3      | Reached skill level 4 in Axes
  2342 | D:4      | Noticed a phantom
  2460 | D:3      | Noticed bli's ghost (amateur DrWn)
  2469 | D:3      | HP: 17/35 [river rat[bli's ghost] (3)]
  2484 | D:3      | HP: 15/35 [bat[bli's ghost] (1)]
  2818 | D:3      | HP: 16/35 [bli's ghost (3)]
  2819 | D:3      | Killed bli's ghost
  2819 | D:3      | Reached skill level 1 in Armour
  2819 | D:3      | Gained mutation: Your movements are less encumbered by armour. (ER -4) [demonic ancestry]
  2819 | D:3      | Reached XP level 5. HP: 19/41 MP: 5/5
  3021 | D:4      | Killed a phantom
  3021 | D:4      | Reached XP level 6. HP: 36/48 MP: 6/6
  3415 | D:4      | HP: 13/48 [something/puff of flame (13)]
  3420 | D:4      | Killed from afar by an orc wizard

Skill      XL: |  1  2  3  4 |
---------------+-------------+-----
Axes           | 3 4 |  4.7
Dodging        | 3 |  3.9
Fighting       | 3 |  3.9
Armour         | 1 |  1.5
Throwing       | |  1.7

Action                   |  1- 3 |  4- 6 || total
-------------------------+-------+-------++-------
Melee: War axe           |   112 |   141 ||   253
  Use: Scroll            |       |    11 ||    11
       Potion            |       |     1 ||     1
 Stab: Distracted        |     1 |       ||     1
       Sleeping          |     3 |     1 ||     4
  Eat: Chunk             |     1 |     4 ||     5
       Fruit             |       |     2 ||     2
Armor: Leather armour    |    19 |       ||    19
       Ring mail         |     9 |    29 ||    38
Dodge: Dodged            |   113 |   127 ||   240
